 Dungeon Crawl Stone Soup version 0.20.0-14-g326068f (webtiles) character file.

203 tilp the Firebug (level 5, -4/38 HPs)
             Began as a Hill Orc Fire Elementalist on June 8, 2017.
             Slain by an orc
             ... wielding a +0 hand axe
              (5 damage)
             ... on level 6 of the Dungeon.
             The game lasted 00:10:56 (2486 turns).

tilp the Firebug (Hill Orc Fire Elementalist)       Turns: 2486, Time: 00:10:57

Health: -4/38      AC:  6    Str: 11    XL:     5   Next: 81%
Magic:  5/9        EV: 12    Int: 16    God:
Gold:   62         SH:  0    Dex: 11    Spells: 5/9 levels left

rFire    . . .     SeeInvis .   n - -3 mace
rCold    . . .     Gourm    .   (no shield)
rNeg     . . .     Faith    .   a - +0 robe
rPois    .         Spirit   .   (no helmet)
rElec    .         Reflect  .   (no cloak)
rCorr    .         Harm     .   p - +0 pair of gloves
MR       .....                  j - +2 pair of boots
Stlth    ++........             (no amulet)
Regen    0.2/turn               (no ring)
MPRegen  0.2/turn               (no ring)

@: no status effects
A: no striking features
a: Convert to Beogh


You were on level 6 of the Dungeon.
You were not hungry.

You visited 1 branch of the dungeon, and saw 4 of its levels.

You collected 62 gold pieces.

Inventory:

Hand Weapons
 k - a +0 short sword
 n - a -3 mace (weapon)
Armour
 a - a +0 robe (worn)
 h - a +0 large shield
 j - a +2 pair of boots (worn)
 p - a +0 pair of gloves (worn)
Jewellery
 f - an uncursed ring of flight {unknown}
 g - a cursed ring of teleportation {unknown}
Scrolls
 d - 4 scrolls of fog
 l - 6 scrolls of identify
Potions
 e - 2 potions of curing {unknown}
 m - a potion of cancellation {unknown}
 q - a potion of degeneration {unknown}
 r - a potion of haste {unknown}
Books
 b - a book of Flames

   Spells                             Type                      Level
   a - Flame Tongue                   Conjuration/Fire             1
   b - Throw Flame                    Conjuration/Fire             2
   c - Conjure Flame                  Conjuration/Fire             3
   d - Inner Flame                    Hexes/Fire                   3
   e - Sticky Flame                   Conjuration/Fire             4
   f - Fireball                       Conjuration/Fire             5
Comestibles
 c - 3 bread rations
 i - 2 meat rations
 o - a chunk of flesh


   Skills:
 + Level 1.5 Short Blades
 - Level 1.5 Dodging
 - Level 1.5 Stealth
 * Level 2.9 Spellcasting
 * Level 2.4 Conjurations
 + Level 4.7 Fire Magic


You had 5 spell levels left.
You knew the following spells:

 Your Spells              Type           Power        Failure   Level  Hunger
a - Flame Tongue          Conj/Fire      ##...        4%          1    #......
b - Conjure Flame         Conj/Fire      ##......     13%         3    ###....


Dungeon Overview and Level Annotations

Branches:
Dungeon (3/15)

Altars:

Annotations:
D:6 Edmund


Message History

(press Y on the ability menu to convert to Beogh)
The orc barely misses you. The orc hits you with a club.
The orc hits you with a mace. Edmund barely misses you.
The orc hits you with a hand axe.
* * * LOW HITPOINT WARNING * * *
The orc misses you.
You hit the orc priest.
The orc priest threatens, "By the altar or by the axe, you will meet Beogh!"
The orc priest is lightly wounded.
The orc priest hits you with a falchion.
* * * LOW HITPOINT WARNING * * *
Edmund barely misses you. The orc barely misses you.
The orc priest barely misses you. The orc barely misses you.
You sock the orc!
You kill the orc!
The orc priest shouts, "Join the one true god or die!"
Edmund hits you with a dire flail of protection.
* * * LOW HITPOINT WARNING * * *
The orc hits you with a hand axe.
You die...

.........
###.......##
#..........
#.........##### #
#.<.#.........#..#
#.#...#.........#.o#
#.#...#.........#.o#
#.'.)o+.........#o.#
#.o@#.........#..#
#.o@#.........#..#
#..o#.........#..#
+...#........o#..#
#...#.........'..#
#..o###########..#
#...o.....o......#
##+###############


You could see Edmund, an orc priest, an orc wizard and 4 orcs.

Vanquished Creatures
  An ice beast (D:6)
  4 adders
  2 worms (D:2)
  4 dart slugs
  3 leopard geckos
  An orc (D:6)
  3 bats
  2 giant cockroaches
  6 goblins
  11 hobgoblins
  3 jackals (D:2)
  A ball python (D:1)
  2 frilled lizards (D:2)
  3 kobolds
  8 rats
54 creatures vanquished.

Notes
Turn   | Place    | Note
-------+----------+-------------------------------------------
     0 | D:1      | tilp the Hill Orc Fire Elementalist began the quest for the Orb.
     0 | D:1      | Reached XP level 1. HP: 14/14 MP: 3/3
   150 | D:1      | Reached XP level 2. HP: 11/20 MP: 0/4
   454 | D:1      | Reached skill level 4 in Fire Magic
   606 | D:1      | Reached XP level 3. HP: 26/26 MP: 5/5
  1101 | D:2      | Learned a level 3 spell: Conjure Flame
  1503 | D:2      | Reached XP level 4. HP: 33/33 MP: 1/7
  2316 | D:3      | Found a faded altar of an unknown god.
  2439 | D:3      | You fall through a shaft for 3 floors!
  2439 | D:6      | Noticed an ice beast
  2448 | D:6      | Killed an ice beast
  2448 | D:6      | Reached skill level 1 in Short Blades
  2448 | D:6      | Reached XP level 5. HP: 33/38 MP: 1/9
  2449 | D:6      | Noticed Edmund
  2486 | D:6      | HP: 1/38 [Edmund/dire flail of protection (3)]
  2486 | D:6      | Slain by an orc

Skill      XL: |  1  2  3  4 |
---------------+-------------+-----
Fire Magic     | 4 |  4.7
Spellcasting   | 2 |  2.9
Short Blades   | 1 |  1.5
Conjurations   | 2 |  2.4
Dodging        | |  1.5
Stealth        | |  1.5

Action                   |  1- 3 |  4- 6 || total
-------------------------+-------+-------++-------
Melee: Club              |    11 |       ||    11
       Short sword       |    29 |       ||    29
       Mace              |    21 |    30 ||    51
 Cast: Flame Tongue      |    35 |    29 ||    64
       Conjure Flame     |     1 |       ||     1
  Use: Scroll            |     1 |     2 ||     3
 Stab: Sleeping          |     1 |       ||     1
  Eat: Chunk             |     3 |     3 ||     6
Armor: Robe              |    25 |    11 ||    36
Dodge: Dodged            |    51 |    31 ||    82
